AoeStats
← brayancobos741

Black Forest

510120144Analyzed
2v2 RM · 4d ago on Sep 29, 2026· 39m 9s· 4 players
Game mode
Random Map
Map size
Medium (4 player)
Population
200
Speed
Normal
Resources
Standard
Victory
Conquest
Starting age
Dark Age
Ending age
Imperial Age
RankedLock teamsTeams togetherTeam positionsShared explorationLock speedFull tech treeHidden civsTurbo modeCheats
Victory
Defeat
🇺🇦 Spanish · Ukraine
704
+14
704
+14
🇨🇴 Turks · Colombia
674
-14
🇺🇸 Chinese · United States
669
-14
67676767676767676767676767676767
0:28 Loom
15:14 Feudal Age
16:27 Double-Bit Axe
20:38 Castle Age
21:35 Wheelbarrow
23:26 Hand Cart
brayancobos741
13:13 Feudal Age
27:34 Double-Bit Axe
30:00 Castle Age
gangsta rap made me do it
2:39 Loom
13:01 Feudal Age
13:20 Man-at-Arms
20:47 Horse Collar
20:54 Double-Bit Axe
21:01 Stone Mining
26:28 Castle Age
28:10 Gold Mining
28:55 Stone Shaft Mining
28:33 Bow Saw
28:23 Long Swordsman
28:49 Gambesons
30:20 Gold Shaft Mining
29:48 Heavy Plow
33:54 Kamandaran
33:27 Crossbowman
34:13 Thumb Ring
37:30 Wheelbarrow
36:40 Town Watch
шавка
13:06 Feudal Age
13:18 Man-at-Arms
14:11 Horse Collar
14:54 Double-Bit Axe
21:41 Castle Age
20:09 Gold Mining
22:32 Heavy Plow
29:38 Long Swordsman
31:11 Wheelbarrow
35:43 Imperial Age
34:41 Stone Mining
37:36 Conscription
37:54 Ballistics
38:43 Thumb Ring
Connection lost

Rejoining the realm…

Still unreachable

The connection could not be restored.

Session expired

The server has moved on; the page needs a fresh start.